 Dungeon Crawl Stone Soup version 0.15-a0-60-g2d7d1c5 (webtiles) character file.

595 PolkaDot the Slasher (level 6, -1/47 HPs)
             Began as a Vampire Death Knight on Apr 6, 2014.
             Was a Priest of Yredelemnul.
             Slain by a giant frog (2 damage)
             ... on Level 6 of the Dungeon.
             The game lasted 00:20:28 (3684 turns).

PolkaDot the Slasher (Vampire Death Knight)         Turns: 3684, Time: 00:20:29

HP  -1/47        AC  4     Str 12      XL: 6   Next: 77%
MP   8/8         EV 13     Int 13      God: Yredelemnul [***...]
Gold 137         SH  0     Dex 15      Spells:  0 memorised,  5 levels left

rFire  . . .     SeeInvis +     j - -3,-2 dagger (curse)
rCold  + . .     Clarity  .     c - +0 robe (curse)
rNeg   . . .     Conserve .     (no shield)
rPois  .         rCorr    .     (no helmet)
rElec  .         rRot     .     (no cloak)
SustAb . .       Spirit   .     (no gloves)
rMut   .         Warding  .     m - +1 pair of boots
Saprov . . .     Stasis   .     (no amulet)
MR     .....                    (no ring)
                                f - cursed ring of protection from cold

@: regenerating quickly, not resistant to hostile enchantments, unstealthy
A: bottle blood, fangs 3, see invisible, wild magic 1, unbreathing
a: Bottle Blood, Animate Dead, Recall Undead Slaves, Injury Mirror, Renounce
Religion


You were on level 6 of the Dungeon.
You worshipped Yredelemnul.
Yredelemnul was most pleased with you.
You were full.

You visited 1 branch of the dungeon, and saw 6 of its levels.

You collected 137 gold pieces.

Inventory:

Hand weapons
 a - a +1,+2 falchion
 j - a cursed -3,-2 dagger (weapon)
Armour
 b - a +0 leather armour
 c - a cursed +0 robe (worn)
 m - a +1 pair of boots (worn)
Scrolls
 i - a scroll of enchant weapon II
 l - 3 scrolls of teleportation
 o - a scroll of noise {unknown}
Jewellery
 f - a cursed ring of protection from cold (left hand)
Potions
 d - a potion of cure mutation {!q}
 g - a potion of brilliance
 k - a potion of magic
 n - a potion of flight
Books
 e - a book of the Dragon

   Spells                             Type                      Level
   Flight                             Charms/Air                   3
   Cause Fear                         Hexes                        4
   Bolt of Fire                       Conjuration/Fire             6
   Dragon Form                        Transmutation                7
   Dragon's Call                      Summoning                    9
 h - a book of Control

   Spells                             Type                      Level
   Control Teleport                   Charms/Translocation         4
   Control Undead                     Necromancy                   4
   Enslavement                        Hexes                        4
   Metabolic Englaciation             Hexes/Ice                    5
   Mass Confusion                     Hexes                        6


   Skills:
 * Level 3.0 Fighting
 - Level 6.5 Long Blades
 - Level 0.7 Armour
 + Level 2.3 Dodging
 - Level 2.4 Invocations


You had 5 spell levels left.
You didn't know any spells.

Dungeon Overview and Level Annotations

Branches:
Dungeon (6/15)
 Temple: D:4-7

Altars:


Innate Abilities, Weirdness & Mutations

Your natural rate of healing is unusually fast.
You can bottle blood from corpses.
You have razor-sharp teeth.*
You have supernaturally acute eyesight.
You can survive without breathing.*
Your spells are a little harder to cast, but a little more powerful.+


Message History

The giant frog misses you.
You closely miss the giant frog. You bite the giant frog.
The giant frog is heavily wounded.
The giant frog barely misses you. The giant frog closely misses you.
You hit the giant frog. Your bite misses the giant frog.
The giant frog is severely wounded.
The giant frog hits you but does no damage.
You miss the giant frog.
The giant frog is severely wounded.
The giant frog hits you but does no damage.
The giant frog hits you.
* * * LOW HITPOINT WARNING * * *
You hit the giant frog but do no damage.
The giant frog is severely wounded.
The giant frog barely misses you.
You miss the giant frog.
The giant frog is severely wounded.
The giant frog barely misses you. The giant frog hits you.
You die...
Yredelemnul claims you as an undead slave.

... #.# #.# # #.# .. #.
### #.# ...#.##.# #.#
........####.#######.#
..[...................#
..#####@####.#######.#
#####F####.#
#<...r.....#
######.....# #.....#
#.....# #.....#
#.%...#### #####....#


You could see a giant frog and a quokka.

Vanquished Creatures
  A centaur (D:5)
  A phantom (D:4)
  2 worker ants
  An iguana (D:4)
  An orc wizard (D:3)
  Ijyb (D:4)
  3 gnolls (D:4)
  5 adders
  A giant mite (D:3)
  A worm (D:2)
  An adder skeleton (D:4)
  3 giant geckos
  5 orcs (D:3)
  11 goblins
  10 hobgoblins
  3 quokkas
  A ball python (D:3)
  7 bats
  3 giant cockroaches
  7 giant newts
  6 jackals (D:2)
  19 kobolds
  2 orc skeletons (D:4)
  9 rats
104 creatures vanquished.

Notes
Turn   | Place    | Note
--------------------------------------------------------------
     0 | D:1      | PolkaDot, the Vampire Death Knight, began the quest for the Orb.
     0 | D:1      | Reached XP level 1. HP: 16/16 MP: 1/1
   238 | D:1      | Reached XP level 2. HP: 13/22 MP: 2/2
   326 | D:1      | Reached skill level 3 in Long Blades
   554 | D:1      | Acquired Yredelemnul's second power
   882 | D:2      | Reached XP level 3. HP: 14/27 MP: 4/4
  1245 | D:2      | Reached skill level 4 in Long Blades
  1656 | D:2      | Reached XP level 4. HP: 19/33 MP: 5/5
  1979 | D:3      | Reached XP level 5. HP: 28/38 MP: 6/6
  2003 | D:3      | Reached skill level 5 in Long Blades
  2185 | D:3      | Acquired Yredelemnul's third power
  2565 | D:4      | Noticed Ijyb
  2592 | D:4      | Killed Ijyb
  2733 | D:4      | Reached XP level 6. HP: 14/46 MP: 8/8
  2937 | D:4      | Noticed a phantom
  2942 | D:4      | Gained mutation: Your spells are a little harder to cast, but a little more powerful. [potion of beneficial mutation]
  2943 | D:4      | Paralysed by a potion of paralysis for 3 turns
  3042 | D:4      | Killed a phantom
  3042 | D:4      | Reached skill level 6 in Long Blades
  3330 | D:5      | Entered Level 5 of the Dungeon
  3678 | D:6      | HP: 1/47 [giant frog (4)]
  3684 | D:6      | Slain by a giant frog

Action                   |  1- 3 |  4- 6 || total
-------------------------+-------+-------++-------
Melee: Falchion          |   173 |   213 ||   386
       Dagger            |     2 |    33 ||    35
Invok: Injury Mirror     |       |     1 ||     1
  Use: Potion            |     4 |     4 ||     8
       Scroll            |    12 |     6 ||    18
 Stab: Sleeping          |       |     1 ||     1
